 Dungeon Crawl Stone Soup version 0.28.0-43-g3370ac3207 (webtiles) character file.

Game seed: 3199181175840016517

4914 TheDeanity the Thrower (level 10, -9/100 HPs)
             Began as a Troll Fighter on Mar 17, 2022.
             Was an Initiate of Yredelemnul.
             Killed by the air
             ... invoked by a wind drake
              (10 damage)
             ... on level 9 of the Dungeon.
             The game lasted 00:34:57 (8130 turns).

TheDeanity the Thrower (Troll Fighter)              Turns: 8130, Time: 00:34:58

Health: -9/100     AC:  8    Str: 30    XL:     10   Next: 27%
Magic:  0/13       EV:  8    Int: 10    God:    Yredelemnul [......]
Gold:   370        SH:  9    Dex:  9    Spells: 9/9 levels left

rFire   . . .      SeeInvis .   h - +1 whip (elec)
rCold   + . .      Faith    .   L - +2 kite shield
rNeg    . . .      Spirit   +   I - +0 steam dragon scales
rPois   .          Reflect  .   c - +1 hat
rElec   .          Harm     .   (no cloak)
rCorr   .          Rampage  .   (gloves unavailable)
Will    .....                   (boots unavailable)
Stlth   +.........              A - amulet of guardian spirit
HPRegen 1.06/turn               f - +6 ring of intelligence
MPRegen 0.13/turn               g - ring of protection from cold

@: no status effects
A: large, unfitting armour, claws 3, regeneration 1, shaggy fur 1, tough skin 1
a: Renounce Religion, Recall Undead Harvest


You were on level 9 of the Dungeon.
You worshipped Yredelemnul.
Yredelemnul was noncommittal.
You visited 2 branches of the dungeon, and saw 10 of its levels.
You also visited: Ossuary.

You collected 370 gold pieces.

Inventory:

Hand Weapons
 a - a +0 flail
 h - a +1 whip of electrocution (weapon)
 n - a +0 giant spiked club
Missiles
 i - 169 stones
 o - 3 boomerangs (quivered)
 t - a throwing net
 v - a javelin
 w - 6 large rocks
Armour
 c - a +1 hat (worn)
 I - +0 steam dragon scales (worn)
 L - a +2 kite shield (worn)
Jewellery
 f - a +6 ring of intelligence (left claw)
 g - a ring of protection from cold (right claw)
 A - an amulet of guardian spirit (around neck)
 K - a ring of fire
Wands
 C - a wand of polymorph (4)
Scrolls
 q - 2 scrolls of blinking
 r - 3 scrolls of teleportation
 u - a scroll of magic mapping
 x - 3 scrolls of immolation
 y - a scroll of fog {unknown}
 E - 3 scrolls of enchant armour
 F - 3 scrolls of amnesia
 H - a scroll of fear {unknown}
Potions
 b - a potion of mutation
 d - 2 potions of might
 e - 5 potions of heal wounds {unknown}
 j - 2 potions of resistance
 k - a potion of lignification
 m - 2 potions of flight {unknown}
 p - a potion of magic {unknown}
 s - 3 potions of degeneration {unknown}
 z - 3 potions of haste {unknown}
 B - 8 potions of curing
 D - a potion of invisibility {unknown}
 G - a potion of attraction {unknown}
 J - a potion of cancellation {unknown}


   Skills:
 + Level 6.3 Fighting
 + Level 6.7 Maces & Flails
 * Level 8.9 Throwing
 - Level 2.4 Dodging
 - Level 2.4 Shields
 + Level 5.4 Invocations


You had 9 spell levels left.
You didn't know any spells.
Your spell library contained the following spells:

 Spells                   Type           Power      Damage    Failure   Level
 Foxfire                  Conj/Fire      0%         2x1d4     67%         1
 Summon Small Mammal      Summ           0%         N/A       67%         1
 Call Canine Familiar     Summ           0%         N/A       95%         3
 Conjure Flame            Conj/Fire      0%         6-21      95%         3
 Ignite Poison            Fire/Tmut/Pois 0%         N/A       95%         3
 Inner Flame              Hex/Fire       0%         N/A       95%         3
 Portal Projectile        Hex/Tloc       0%         N/A       95%         3
 Stone Arrow              Conj/Erth      0%         3d7       95%         3
 Summon Guardian Golem    Hex/Summ       0%         N/A       95%         3
 Flame Wave               Conj/Fire      0%         2d4       100%        4
 Leda's Liquefaction      Hex/Erth       0%         N/A       100%        4
 Sticky Flame             Conj/Fire      0%         2d3       100%        4
 Enfeeble                 Hex            0%         N/A       100%        7


Dungeon Overview and Level Annotations

Branches:
Dungeon (9/15)             Temple (1/1) D:4         Ossuary (visited)
   Lair: D:8-11         Orc: D:9-12

Altars:
Ashenzari
Cheibriados
Dithmenos
Elyvilon
Fedhas
Gozag
Hepliaklqana
Kikubaaqudgha
Makhleb
Nemelex Xobeh
Okawaru
Qazlal
Ru
Sif Muna
Trog
Uskayaw
Vehumet
Wu Jian
Xom
Yredelemnul
Zin
The Shining One

Shops:
D:5 (   D:8 =


Innate Abilities, Weirdness & Mutations

You are too large for most types of armour.
You have claws for hands.
Your natural rate of healing is unusually fast.
You are covered in fur. (AC +1)
You have tough skin. (AC +1)


Message History

You throw a boomerang.
The boomerang hits the wind drake but does no damage.
The wind drake is almost dead.
The wind drake exhales a fierce blast of wind!
You are blown backwards!
Throw: 4 boomerangs
Press: ? - help, Q - select action, (/) - cycle Shift-Dir - straight line, f/p - wind drake
Aim: a wind drake (almost dead, repelling missiles, 2% to hit)
You throw a boomerang.
The boomerang closely misses the wind drake.
You block the wind drake's attack.
Throw: 4 boomerangs
Press: ? - help, Q - select action, (/) - cycle Shift-Dir - straight line, f/p - wind drake
Aim: a wind drake (almost dead, repelling missiles, 2% to hit)
You throw a boomerang.
The boomerang completely misses the wind drake.
The wind drake flaps its wings at you. The air twists around and strikes you!!
* * * LOW HITPOINT WARNING * * *
Throw: 4 boomerangs
Press: ? - help, Q - select action, (/) - cycle Shift-Dir - straight line, f/p - wind drake
Aim: a wind drake (almost dead, repelling missiles, 2% to hit)
You throw a boomerang.
The boomerang barely misses the wind drake.
A centaur comes into view.
The wind drake flaps its wings at you. The air twists around and strikes you!
* * * LOW HITPOINT WARNING * * *
It was a potion of curing.
You feel better.
The centaur shouts!
The wind drake exhales a fierce blast of wind!
You are blown backwards!
You feel better. The wind drake flaps its wings at you.
The air twists around and strikes you!
* * * LOW HITPOINT WARNING * * *
The wind drake flaps its wings at you. The air twists around and strikes you!
You die...
Your body rises from the dead as a mindless zombie.

.#.## #..# ###....
.....###..# #....#⌠...
...?...^#..######....###.#
...^.......>.:......^...#⌠#
^.^.......c.............###
##^....^...................
#.....^^..^^.k.# #..$...
#........^^^)..#
#.....^....^.@.#
####......(.....^.#
#....^.....^^....##
.................#
#.####.....^..^..#
#.#....^..^....#.#
#.#[###........#.#
.......#.#.#.#.#.#
#.#.##.#.#.#.#.#.#


You could see a wind drake (repels missiles, catching breath) and a centaur.

Vanquished Creatures
  An ugly thing (D:8)
  A kobold demonologist (D:5)
  A troll (D:9)
  Sigmund (D:4)
  2 wyverns
  2 wraiths
  A warg (D:7)
  An ice beast (D:6)
  3 black bears
  A necrophage (D:7)
  3 ogres
  2 centaurs
  A phantom (D:4)
  An elf zombie (Ossuary)
  2 kobold brigands
  3 bullfrogs (D:8)
  A gnoll sergeant (D:6)
  A wyvern skeleton (D:6)
  2 jellies
  7 wights
  3 howler monkeys
  A bullfrog zombie (D:4)
  2 hounds
  A human zombie (Ossuary)
  A centaur skeleton (D:6)
  An iguana (D:5)
  An orc wizard (D:8)
  A killer bee zombie (D:7)
  A hound zombie (D:3)
  3 mummies (Ossuary)
  Robin (D:2)
  10 gnolls
  4 adders
  2 shadow imps (D:7)
  A white imp (D:6)
  An ufetubus (D:5)
  2 dart slugs
  10 orcs
  8 endoplasms
  A giant cockroach (D:3)
  11 goblins
  10 hobgoblins
  5 jackals
  4 quokkas
  9 ball pythons
  8 bats
  4 frilled lizards
  2 gnoll zombies (Ossuary)
  2 goblin zombies (Ossuary)
  3 hobgoblin zombies (Ossuary)
  A jackal zombie (D:3)
  10 kobolds
  2 kobold zombies (Ossuary)
  2 rats
165 creatures vanquished.

Vanquished Creatures (collateral kills)
  A hornet (D:7)
  A meliai zombie (D:7)
  An orc warrior (D:8)
  2 ogres (D:5)
  A jelly (D:5)
  A shadow imp (D:7)
  An ufetubus (D:5)
  4 orcs
  2 goblins (D:5)
14 creatures vanquished.

Vanquished Creatures (others)
  An ogre zombie (D:5)
  A hound zombie (D:6)
  A howler monkey zombie (D:6)
  A spectral jelly (D:6)
  An orc zombie (D:8)
  A spectral white imp (D:6)
  A spectral shadow imp (D:7)
  3 gnoll zombies
  A hobgoblin zombie (D:4)
  2 kobold zombies (D:5)
  10 plants (D:3)
23 creatures vanquished.

Grand Total: 202 creatures vanquished

Notes
Turn   | Place    | Note
-------+----------+-------------------------------------------
     0 | D:1      | TheDeanity the Troll Fighter began the quest for the Orb.
     0 | D:1      | Reached XP level 1. HP: 22/22 MP: 0/0
    55 | D:1      | Reached XP level 2. HP: 18/29 MP: 1/1
    58 | D:1      | Got the Volume of Excruciating Hexes
   206 | D:1      | Found a faded altar of an unknown god.
   269 | D:1      | Reached XP level 3. HP: 35/36 MP: 2/2
   446 | D:1      | Reached skill level 1 in Throwing
   628 | D:2      | Noticed Robin
   914 | D:2      | Killed Robin
   915 | D:2      | Reached XP level 4. HP: 45/45 MP: 3/3
   963 | D:2      | You fall into a shaft and drop 2 floors!
   963 | D:4      | Found a hazy altar of Hepliaklqana.
   963 | D:4      | Found a broken altar of Ashenzari.
   963 | D:4      | Found a glowing golden altar of the Shining One.
   968 | D:4      | Found a shimmering blue altar of Sif Muna.
   968 | D:4      | Found a radiant altar of Vehumet.
   971 | D:4      | Found a blossoming altar of Fedhas.
  1012 | D:4      | Reached skill level 2 in Throwing
  1261 | D:2      | Noticed an ogre
  1306 | D:2      | Killed an ogre
  1307 | D:2      | Reached skill level 3 in Throwing
  1307 | D:2      | Reached XP level 5. HP: 45/53 MP: 4/4
  1907 | D:3      | Found a basalt altar of Yredelemnul.
  2513 | D:4      | Noticed Sigmund
  2586 | D:4      | Reached XP level 6. HP: 43/61 MP: 5/5
  2640 | D:4      | Found a staircase to the Ecumenical Temple.
  2654 | Temple   | Entered the Ecumenical Temple
  2839 | D:3      | Became a worshipper of Yredelemnul the Dark
  2905 | D:4      | Found a sacrificial altar of Ru.
  3014 | D:4      | Killed Sigmund
  3015 | D:4      | Reached skill level 4 in Throwing
  3015 | D:4      | Reached skill level 1 in Invocations
  3044 | D:4      | Reached XP level 7. HP: 61/68 MP: 6/6
  3524 | D:5      | Entered Level 5 of the Dungeon
  3646 | D:5      | Noticed a kobold demonologist
  3656 | D:5      | Noticed a chaos spawn
  3657 | D:5      | Noticed a ynoxinul
  3665 | D:5      | Noticed a red devil
  3667 | D:5      | Killed a kobold demonologist
  3668 | D:5      | Reached skill level 5 in Throwing
  3743 | D:5      | Found Iciq's Weapon Shoppe.
  3750 | D:5      | Reached * piety under Yredelemnul
  3750 | D:5      | Reached XP level 8. HP: 79/79 MP: 8/8
  4057 | D:5      | Found an iron altar of Okawaru.
  4330 | D:6      | Reached skill level 6 in Throwing
  4355 | D:6      | Reached skill level 5 in Maces & Flails
  4565 | D:6      | Noticed a +0 hand axe
  4565 | D:6      | Noticed a +4 dagger
  4570 | D:6      | Found a hide-covered altar of Uskayaw.
  4628 | D:6      | Reached ** piety under Yredelemnul
  4734 | D:6      | Reached skill level 5 in Fighting
  5222 | D:6      | Reached XP level 9. HP: 84/88 MP: 8/10
  5493 | D:7      | Found a sand-covered staircase.
  5528 | D:7      | Reached skill level 7 in Throwing
  5558 | Ossuary  | Entered an ossuary
  6099 | D:7      | Found an ornate altar of the Wu Jian Council.
  6102 | D:7      | Noticed Maggie
  6104 | D:7      | Noticed Maggie
  6104 | D:7      | Maggie changed into Maggie the warg
  6112 | D:7      | Killed Maggie the warg
  6227 | D:7      | Found a shadowy altar of Dithmenos.
  6621 | D:7      | Reached skill level 8 in Throwing
  6652 | D:7      | Reached *** piety under Yredelemnul
  6653 | D:7      | Reached skill level 5 in Invocations
  7208 | D:8      | Noticed a cyan ugly thing
  7220 | D:8      | Killed a cyan ugly thing
  7221 | D:8      | Reached XP level 10. HP: 66/98 MP: 6/12
  7541 | D:8      | Found Baochaal's Jewellery Emporium.
  8077 | D:9      | Found a sparkling altar of Nemelex Xobeh.
  8128 | D:9      | HP: 2/100 [wind drake/the air (9)]
  8130 | D:9      | Killed from afar by a wind drake

Illustrated notes

Levels and vault maps discovered:
D:1:      tarquinn_simple_flora_water_e, layout_basic, serial_glass,
          glass_columns_b, glass_columns_a, ebering_ecumenical_altar_rust
D:2:      layout_rooms, kennysheep_donut, minmay_hexomino_f4, uniq_robin
D:3:      layout_rooms, lemuel_zombie_altar_yredelemnul, serial_bayou,
          serial_bayou_ford_a, serial_bayou_lagoon_a, serial_bayou_lake_a,
          serial_bayou_shore_a, serial_bayou_crossing, serial_bayou_shore_b
D:4:      layout_gridville, nicolae_ru_the_path_less_chosen,
          minmay_overflow_temple_hex, minmay_temple_entry_junction, uniq_sigmund
D:5:      layout_rooms, kennysheep_okawaru_gauntlet, serial_shops,
          nicolae_shop_stone
D:6:      layout_basic, dancing_weapons_uskayaw, serial_co_window_serial,
          co_window_paths_b, co_window_corner_a, co_window_paths_a,
          co_window_paths_b, co_window_of_opportunity_a, co_window_corner_b,
          co_window_corner_cb, co_window_paths_c, co_window_4corner_b,
          co_window_sun, minmay_small_thing
D:7:      layout_cave_pods, mainiacjoe_overflow_brackets,
          general_overflow_altar, lightli_ossuary_entry_decrepit_ruins,
          mrwooster_statue_mirror, uniq_maggie
D:8:      layout_basic, serial_shops, kennysheep_mini
D:9:      layout_basic, lemuel_crystal_altar, serial_shops,
          nicolae_shop_waterfront, minmay_holes, nicolae_fountain_basement
Temple:   nicolae_temple_figure_zero

Skill      XL: |  1  2  3  4  5  6  7  8  9 |
---------------+----------------------------+-----
Maces & Flails | 2 3 4 5 6 |  6.7
Throwing       | 1 3 4 5 6 8 |  8.9
Fighting       | 3 4 5 6 |  6.3
Invocations    | 1 2 3 5 |  5.4
Dodging        | |  2.4
Shields        | |  2.4

Action                   |  1- 3 |  4- 6 |  7- 9 | 10-12 || total
-------------------------+-------+-------+-------+-------++-------
Melee: Unarmed           |   103 |   100 |    59 |       ||   262
       Whip              |       |       |   200 |    24 ||   224
Throw: Stone             |    79 |   103 |    76 |    18 ||   276
       Boomerang         |       |     8 |    36 |    20 ||    64
       Javelin           |       |       |     5 |       ||     5
       Large rock        |       |       |     8 |       ||     8
Invok: Recall Undead Har |       |       |     1 |     2 ||     3
       Dark Bargain      |       |       |     1 |       ||     1
Evoke: Wand              |       |       |     3 |     1 ||     4
  Use: Scroll            |       |     3 |     4 |     3 ||    10
       Potion            |       |       |     1 |     2 ||     3
 Stab: Sleeping          |     1 |       |       |       ||     1
Armor: Robe              |    56 |     1 |       |       ||    57
       Animal skin       |       |    54 |    69 |       ||   123
       Steam dragon scal |       |       |    13 |     4 ||    17
Dodge: Dodged            |    42 |    52 |    75 |     7 ||   176
Block: Kite shield       |    47 |    48 |    79 |    15 ||   189
